 Dungeon Crawl Stone Soup version 0.26-a0-597-gb535b0901c (webtiles) character file.

Game seed: 14037522623791443803

184 graki42 the Magician (level 5, -1/28 HPs)
             Began as a Deep Elf Fire Elementalist on Sept 7, 2020.
             Killed by nerve-wracking pain
             ... invoked by an orc priest
              (13 damage)
             ... on level 2 of the Dungeon.
             The game lasted 00:07:36 (1879 turns).

graki42 the Magician (Deep Elf Fire Elementalist)   Turns: 1879, Time: 00:07:37

Health: -1/28      AC:  3    Str:  6    XL:     5   Next: 36%
Magic:  8/14       EV: 13    Int: 20    God:
Gold:   136        SH:  0    Dex: 15    Spells: 3/14 levels left

rFire    . . .     SeeInvis .   (no weapon)
rCold    . . .     Faith    .   (no shield)
rNeg     . . .     Spirit   .   a - +0 robe
rPois    .         Reflect  .   (no helmet)
rElec    .         Harm     .   (no cloak)
rCorr    .                      h - +0 pair of gloves (curse)
MR       .....                  (no boots)
Stlth    ++........             (no amulet)
HPRegen  0.09/turn              (no ring)
MPRegen  0.14/turn              (no ring)

@: very slightly contaminated
A: no striking features
a: no special abilities


You were on level 2 of the Dungeon.
You visited 1 branch of the dungeon, and saw 3 of its levels.

You collected 136 gold pieces.

Inventory:

Armour
 a - a +0 robe (worn)
 h - a cursed +0 pair of gloves (worn)
Scrolls
 b - 2 scrolls of teleportation
 d - 2 scrolls of blinking {unknown}
 f - a scroll of magic mapping {unknown}
 j - a scroll of remove curse {unknown}
Potions
 c - a potion of berserk rage
 e - a potion of heal wounds {unknown}
 g - 2 potions of lignification
 i - a potion of curing
 k - a potion of brilliance


   Skills:
 + Level 2.7 Dodging
 + Level 3.2 Stealth
 + Level 0.1 Unarmed Combat
 + Level 5.1 Spellcasting
 + Level 3.1 Conjurations
 + Level 4.2 Fire Magic


You had 3 spell levels left.
You knew the following spells:

 Your Spells              Type           Power        Failure   Level
a - Foxfire               Conj/Fire      ###.         2%          1
b - Conjure Flame         Conj/Fire      ###.....     8%          3
c - Inner Flame           Hex/Fire       ##......     14%         3
d - Sticky Flame          Conj/Fire      ###.....     26%         4

Your spell library contained the following spells:

 Spells                   Type           Power        Failure   Level
 Fireball                 Conj/Fire      ###.......   56%         5


Dungeon Overview and Level Annotations

Branches:
Dungeon (3/15)

Altars:


Message History

Casting: Foxfire (safe; 2% risk of failure)
Confirm with . or Enter, or press ? or * to list all spells.
The spell is potentially lethal to cast (26% risk of failure)!
Continue anyway?
Aiming: Sticky Flame (potentially lethal; 26% risk of failure)
Press: ? - help, Shift-Dir - straight line, f - orc priest
Aim: an orc priest, wielding a +1 vampiric hand axe You miscast Sticky Flame.
You are very lightly contaminated with residual magic.
Heat runs through your body!
Ouch! That really hurt!
The leopard gecko barely misses you.
The orc priest looks encouraged for a moment.
You climb upwards.
There is a stone staircase leading down here.
Casting: Sticky Flame (potentially lethal; 26% risk of failure)
Confirm with . or Enter, or press ? or * to list all spells.
You conjure some foxfire!
The leopard gecko bites you.
The orc priest calls down the wrath of Beogh upon you.
Pain shoots through your body!
You die...

### ######### #.# #.......#
###.###### #.......##
####......#.. #........####
##.......#....
#.........lo###...#.....#...
####.######@v#....#.....##.. #.#
##v...........##..
#.#########..........##.. ######
#.##....###....#.....##.. #....#
#.##....##.....#......... #....#
#.##.....<.##........#..# #....#
#.##........#..#.....#.## #....#
#)##.....##.............#
#....###.##....>###.#.#...[....#


You could see an orc priest and a leopard gecko.

Vanquished Creatures
  A scorpion (D:2)
  A howler monkey (D:3)
  2 adders (D:2)
  A worm (D:2)
  4 dart slugs (D:1)
  A leopard gecko (D:2)
  3 orcs
  6 bats
  3 giant cockroaches
  4 goblins
  10 hobgoblins
  3 jackals (D:1)
  7 kobolds
  2 quokkas
  9 frilled lizards
  3 rats
60 creatures vanquished.

Vanquished Creatures (others)
  161 foxfires
161 creatures vanquished.

Grand Total: 221 creatures vanquished

Notes
Turn   | Place    | Note
-------+----------+-------------------------------------------
     0 | D:1      | graki42 the Deep Elf Fire Elementalist began the quest for
                  | the Orb.
     0 | D:1      | Reached XP level 1. HP: 10/10 MP: 6/6
   217 | D:1      | Reached XP level 2. HP: 14/15 MP: 3/8
   562 | D:1      | Reached XP level 3. HP: 19/19 MP: 6/10
   869 | D:2      | Noticed a scorpion
   874 | D:2      | Killed a scorpion
   874 | D:2      | Reached skill level 4 in Spellcasting
   874 | D:2      | Reached XP level 4. HP: 24/24 MP: 3/12
   996 | D:2      | Learned a level 3 spell: Conjure Flame
  1000 | D:2      | Learned a level 3 spell: Inner Flame
  1005 | D:2      | Learned a level 4 spell: Sticky Flame
  1541 | D:3      | Reached skill level 5 in Spellcasting
  1541 | D:3      | Reached XP level 5. HP: 28/28 MP: 5/14
  1879 | D:2      | Killed from afar by an orc priest

Illustrated notes

Levels and vault maps discovered:
D:1:      dpeg_arrival_chambers_temple_mockup, layout_rooms, minmay_hexomino_p4
D:2:      layout_rooms, minmay_ruptured
D:3:      layout_basic, lemuel_coloured_pillars_altar,
          chequers_ecumenical_altar_twisty

Skill      XL: |  1  2  3  4 |
---------------+-------------+-----
Stealth        | 3 |  3.2
Spellcasting   | 4 5 |  5.1
Conjurations   | 2 3 |  3.1
Fire Magic     | 4 |  4.2
Dodging        | |  2.7
Unarmed Combat | |  0.1

Action                   |  1- 3 |  4- 6 || total
-------------------------+-------+-------++-------
Melee: Unarmed           |     5 |     3 ||     8
 Cast: Foxfire           |    51 |    43 ||    94
  Use: Scroll            |     3 |     2 ||     5
Armor: Robe              |     2 |       ||     2
Dodge: Dodged            |     7 |     9 ||    16

Table legend: (Time is in decaauts)
 A = Elapsed time spent in this place.
 B = Non-inter-level travel time spent in this place.
 C = Inter-level travel time spent in this place.
 D = Time resting spent in this place.
 E = Time spent auto-exploring this place.
 F = Levels seen in this place.
 G = Mean time per level.
                   A        B        C        D        E       F      G
               +--------+--------+--------+--------+--------+-----+--------+
         Total |   1882 |   1837 |     45 |    441 |   1057 |   3 |  627.3 |
       Dungeon |   1882 |   1837 |     45 |    441 |   1057 |   3 |  627.3 |
               +--------+--------+--------+--------+--------+-----+--------+

Top non-repeatable levels by time:
     D:2: 979 daAuts
     D:1: 873 daAuts
     D:3: 28 daAuts
